AoeStats
← Adino the Eznite

Arena

507916584Analyzed
4v4 RM · 11d ago on Sep 20, 2026· 43m 1s· 8 players
Game mode
Random Map
Map size
Large (8 player)
Population
200
Speed
Normal
Resources
Standard
Victory
Conquest
Starting age
Dark Age
Ending age
Imperial Age
RankedLock teamsTeams togetherTeam positionsShared explorationLock speedFull tech treeHidden civsTurbo modeCheats
Victory
Defeat
🇨🇳 Byzantines · China
1500
+11
🇨🇳 Burmese · China
1470
+12
🇨🇳 Britons · China
1400
+14
🇨🇳 Vietnamese · China
1355
+16
🇺🇸 Poles · United States
1397
-14
🇺🇸 Franks · United States
1380
-14
🇺🇸 Spanish · United States
1373
-13
🇨🇦 Japanese · Canada
1347
-12
Seabis
5:36 Loom
10:05 Feudal Age
11:35 Double-Bit Axe
14:32 Castle Age
15:30 Bow Saw
16:01 Wheelbarrow
20:54 Hand Cart
23:15 Gold Mining
25:34 Gold Shaft Mining
26:18 Scale Barding Armor
26:23 Forging
29:02 Imperial Age
27:34 Chain Barding Armor
27:17 Scale Mail Armor
27:29 Stone Mining
28:26 Iron Casting
27:50 Pikeman
28:32 Husbandry
27:53 Light Cavalry
28:36 Fletching
29:17 Padded Archer Armor
29:20 Halberdier
30:00 Squires
29:46 Arson
30:30 Chain Mail Armor
30:11 Bodkin Arrow
30:45 Loom
30:48 Town Watch
32:08 Blast Furnace
31:43 Leather Archer Armor
32:04 Ballistics
32:48 Chemistry
33:17 Conscription
33:21 #83
33:57 Elite Throwing Axeman
36:10 Plate Mail Armor
36:18 Plate Barding Armor
37:33 Masonry
38:13 Caravan
38:44 Coinage
40:46 Architecture
40:14 Murder Holes
41:59 Banking
Brotha Si
10:54 Feudal Age
14:51 Castle Age
12:55 Stone Mining
12:58 Double-Bit Axe
15:57 Bow Saw
16:41 Horse Collar
22:24 Scale Mail Armor
23:34 Forging
24:31 Loom
25:22 Wheelbarrow
30:01 Chain Mail Armor
30:22 Iron Casting
31:15 Elite Skirmisher
32:12 Fletching
32:53 Bodkin Arrow
37:19 Imperial Age
39:08 Imperial Age
37:06 Squires
Adino the Eznite
10:55 Feudal Age
14:54 Castle Age
13:25 Double-Bit Axe
14:50 Horse Collar
16:39 Bow Saw
20:49 Wheelbarrow
20:59 Heavy Plow
23:17 Hand Cart
23:44 Scale Barding Armor
23:50 Forging
26:51 Imperial Age
24:45 Loom
26:26 Iron Casting
26:11 Chain Barding Armor
26:04 Szlachta Privileges
26:03 Treadmill Crane
26:43 Light Cavalry
27:36 Bloodlines
28:40 Blast Furnace
27:10 Cavalier
28:00 Husbandry
28:32 Conscription
30:52 Scale Mail Armor
41:17 Crop Rotation
RainMaker
11:20 Feudal Age
14:46 Castle Age
12:59 Horse Collar
14:03 Double-Bit Axe
15:54 Bow Saw
20:23 Stone Mining
23:15 Heavy Plow
23:16 Gold Mining
24:56 Wheelbarrow
24:06 Loom
24:10 Town Watch
26:32 Bloodlines
26:23 Husbandry
31:32 Imperial Age
32:11 Elite Conquistador
35:25 Forging
35:21 Scale Barding Armor
34:39 Light Cavalry
36:39 Hussar
37:59 Iron Casting
38:54 Chain Barding Armor
小弱鸡
10:04 Feudal Age
13:42 Castle Age
12:03 Double-Bit Axe
12:44 Horse Collar
17:34 Loom
19:11 Bow Saw
19:58 Town Watch
22:07 Wheelbarrow
23:01 Heavy Plow
28:09 Imperial Age
26:20 Hand Cart
25:56 Treadmill Crane
26:51 Scale Barding Armor
26:57 Forging
26:59 Gold Mining
27:01 Stone Mining
28:09 Stone Shaft Mining
28:12 Chain Barding Armor
28:14 Chatras
29:10 Iron Casting
29:14 Husbandry
29:24 Bloodlines
29:01 Elite Battle Elephant
31:10 Plate Barding Armor
31:08 Guilds
31:59 Crop Rotation
33:15 Murder Holes
33:41 Ballistics
34:34 Chemistry
33:44 Fletching
34:44 Coinage
40:43 Banking
42:24 Bodkin Arrow
43:11 Caravan
43:54 Hoardings
晚辞
10:31 Feudal Age
14:05 Castle Age
12:06 Double-Bit Axe
12:32 Horse Collar
15:09 Bow Saw
21:13 Gold Mining
23:18 Wheelbarrow
27:51 Imperial Age
25:15 Stone Mining
25:44 Loom
26:14 Hand Cart
25:45 Town Watch
26:41 Scale Mail Armor
26:52 Forging
26:36 Pikeman
27:16 Squires
27:59 Chain Mail Armor
28:32 Ballistics
27:55 Halberdier
30:10 Plate Mail Armor
30:16 Iron Casting
30:17 Conscription
30:38 Gold Shaft Mining
29:49 Crossbowman
30:48 Heavy Plow
31:49 Two-Man Saw
32:26 Blast Furnace
31:18 Fletching
31:28 Padded Archer Armor
31:23 Arbalester
33:34 Bodkin Arrow
33:54 Leather Archer Armor
35:17 Chemistry
34:23 Siege Engineers
35:25 Masonry
37:07 Yeomen
36:57 Bracer
38:15 Architecture
39:36 Ring Archer Armor
40:08 Treadmill Crane
40:23 Murder Holes
41:17 Warwolf
43:47 Coinage
雕牌洗衣粉
10:59 Feudal Age
15:09 Castle Age
14:52 Padded Archer Armor
18:42 Bloodlines
18:33 Husbandry
20:33 Ballistics
29:40 Horse Collar
30:40 Wheelbarrow
36:11 Imperial Age
34:06 Gold Mining
34:06 Stone Mining
34:56 Loom
36:38 Elite Arambai
38:29 Parthian Tactics
39:16 Chemistry
39:29 Heavy Plow
39:47 Hand Cart
41:13 Caravan
雀巢阿帆
10:42 Feudal Age
14:25 Castle Age
12:42 Double-Bit Axe
13:12 Horse Collar
23:53 Bow Saw
26:53 Wheelbarrow
26:10 Loom
29:14 Imperial Age
26:48 Fletching
27:34 Bodkin Arrow
28:02 Ballistics
27:47 Heavy Plow
27:58 Gold Mining
28:00 Stone Mining
28:53 Padded Archer Armor
28:15 Elite Skirmisher
29:01 Thumb Ring
29:24 Squires
28:44 Pikeman
32:03 Chemistry
31:45 Bracer
32:12 Conscription
32:34 Gold Shaft Mining
33:36 Leather Archer Armor
33:04 Treadmill Crane
35:19 Bombard Tower
35:41 Imperial Skirmisher
37:26 Ring Archer Armor
38:19 Halberdier
Connection lost

Rejoining the realm…

Still unreachable

The connection could not be restored.

Session expired

The server has moved on; the page needs a fresh start.